 Dungeon Crawl Stone Soup version 0.25.1-8-g42b30a86e7 (webtiles) character file.

Game seed: 12535808850671260301

891 sahdkjhfkaj the Destroyer (level 8, 0/41 HPs)
             Began as a Tengu Conjurer on Dec 3, 2020.
             Splashed by an acid dragon's acid (11 damage)
             ... on level 5 of the Dungeon.
             The game lasted 00:08:24 (5608 turns).

sahdkjhfkaj the Destroyer (Tengu Conjurer)          Turns: 5608, Time: 00:08:24

Health: 0/41       AC:  4    Str: 10    XL:     8   Next: 6%
Magic:  1/16       EV: 13    Int: 17    God:
Gold:   316        SH:  0    Dex: 14    Spells: 14/17 levels left

rFire    . . .     SeeInvis .   a - +0 dagger
rCold    . . .     Gourm    .   (no shield)
rNeg     . . .     Faith    .   u - +0 ring mail
rPois    .         Spirit   .   (helmet restricted)
rElec    .         Reflect  .   (no cloak)
rCorr    .         Harm     .   s - +2 pair of gloves
MR       .....                  (boots unavailable)
Stlth    +.........             (no amulet)
HPRegen  0.13/turn              (no ring)
MPRegen  0.15/turn              (no ring)

@: marked, corroded, flying quickly and evasively, quick
A: beak, talons 3, able to fly
a: Stop Flying


You were on level 5 of the Dungeon.
You were hungry.

You visited 1 branch of the dungeon, and saw 5 of its levels.

You collected 316 gold pieces.

Inventory:

Hand Weapons
 a - a +0 dagger (weapon)
Armour
 s - a +2 pair of gloves (worn)
 u - a +0 ring mail (worn)
Wands
 n - a wand of polymorph (5)
Scrolls
 e - 2 scrolls of noise {!r}
 i - 2 scrolls of enchant weapon {!r}
 j - 4 scrolls of remove curse {!r}
 k - a scroll of amnesia {!r}
 l - a scroll of magic mapping {!r}
 p - a scroll of fear {!r}
 q - a scroll of immolation {!r, unknown}
 r - a scroll of fog {!r, unknown}
 t - a scroll of teleportation {!r, unknown}
Potions
 b - a potion of magic {!q}
 h - a potion of curing {!q}
 m - 2 potions of haste {!q, unknown}
 o - 2 potions of lignification {!q}
Comestibles
 c - 13 rations
 g - 2 chunks of flesh


   Skills:
 - Level 3.0 Dodging
 - Level 2.0 Stealth
 - Level 5.0 Spellcasting
 - Level 8.7 Conjurations
 + Level 4.5 Evocations


You had 14 spell levels left.
You knew the following spells:

 Your Spells              Type           Power        Failure   Level  Hunger
a - Magic Dart            Conj           ####         1%          1    None
b - Searing Ray           Conj           ####..       1%          2    #......

Your spell library contained the following spells:

 Spells                   Type           Power        Failure   Level  Hunger
 Conjure Flame            Conj/Fire      ###.....     19%         3    ###....
 Dazzling Flash           Conj/Hex       ###...       19%         3    ###....
 Mephitic Cloud           Conj/Pois/Air  ##......     34%         3    ###....
 Blink                    Tloc           N/A          50%         2    #......
 Call Imp                 Summ           #.......     50%         2    #......
 Slow                     Hex            #.......     50%         2    #......
 Fulminant Prism          Conj/Hex       ###.......   52%         4    ####...
 Iskenderun's Mystic Bla  Conj/Tloc      ###.....     52%         4    ####...


Dungeon Overview and Level Annotations

Branches:
Dungeon (5/15)
 Temple: D:4-7

Altars:


Innate Abilities, Weirdness & Mutations

You have a beak for a mouth.
You have claws for feet.
You can fly continuously.


Message History

Aiming: Magic Dart (safe; 1% risk of failure)
Press: ? - help, Shift-Dir - straight line, f/p - acid dragon
Aim: an acid dragon (catching its breath)
The magic dart hits the acid dragon but does no damage.
The acid dragon barely misses you. The acid dragon misses you.
Really quaff
d - a potion of heal wounds {!q}?
You feel much better. The acid dragon bites you.
* * * LOW HITPOINT WARNING * * *
The acid dragon claws you but does no damage.
Evoke which item? (* to show all) (? for menu, Esc to quit)
Aiming: Polymorph
Press: ? - help, Shift-Dir - straight line, f/p - acid dragon
Aim: an acid dragon (catching its breath, chance to defeat MR: 59%)
The acid dragon resists with significant effort.
A jackal comes into view.
The acid dragon spits acid at you. The splash of acid hits you!
* * * LOW HITPOINT WARNING * * *
The acid corrodes you!
You are splashed with acid!
You die...

#....##......##
#..#######.(.##
#..## ##.## #..
#..# #..
..##### ###.
....... #.
##.......
#.#####....#
#..@Dch...#
#######h..#
#...[# #..)..
#.... .... .##


You could see an acid dragon (catching breath), a centaur and 2 jackals.

Vanquished Creatures
  Sigmund (D:4)
  An ogre (D:5)
  A phantom (D:4)
  A scorpion (D:4)
  A crimson imp (D:5)
  A jelly (D:5)
  A centaur skeleton (D:3)
  An orc priest (D:3)
  A bullfrog skeleton (D:4)
  A hound (D:4)
  An orc wizard (D:3)
  An iguana (D:5)
  Terence (D:3)
  2 worker ants (D:4)
  5 adders
  4 gnolls
  An ooze (D:3)
  2 adder skeletons (D:4)
  2 worms
  2 dart slugs (D:4)
  6 leopard geckos
  17 orcs
  A giant cockroach (D:3)
  5 goblins
  3 hobgoblins
  11 jackals
  A quokka (D:2)
  2 bats (D:1)
  7 frilled lizards
  14 kobolds
  10 rats
108 creatures vanquished.

Notes
Turn   | Place    | Note
-------+----------+-------------------------------------------
     0 | D:1      | sahdkjhfkaj the Tengu Conjurer began the quest for the Orb.
     0 | D:1      | Reached XP level 1. HP: 10/10 MP: 4/4
   243 | D:1      | Reached XP level 2. HP: 15/15 MP: 4/6
   282 | D:1      | Reached skill level 6 in Conjurations
   422 | D:1      | You fall into a shaft and drop 1 floor!
   432 | D:2      | Learned a level 2 spell: Searing Ray
   632 | D:2      | Reached XP level 3. HP: 16/19 MP: 1/7
  1116 | D:2      | Reached skill level 7 in Conjurations
  1431 | D:2      | Reached XP level 4. HP: 24/24 MP: 2/8
  2279 | D:3      | Gained mutation: You can fly continuously. [Tengu growth]
  2279 | D:3      | Reached XP level 5. HP: 28/28 MP: 6/11
  2688 | D:3      | Noticed Terence
  2697 | D:3      | Killed Terence
  3530 | D:4      | Reached XP level 6. HP: 32/32 MP: 8/13
  3818 | D:4      | Reached skill level 5 in Spellcasting
  3886 | D:4      | Reached skill level 1 in Evocations
  3887 | D:4      | Noticed Sigmund
  4533 | D:4      | Killed Sigmund
  4533 | D:4      | Reached skill level 8 in Conjurations
  4533 | D:4      | Reached XP level 7. HP: 26/36 MP: 10/15
  5099 | D:5      | Entered Level 5 of the Dungeon
  5431 | D:5      | Reached XP level 8. HP: 41/41 MP: 12/16
  5608 | D:5      | Splashed by an acid dragon's acid

Illustrated notes

Levels and vault maps discovered:
D:1:      grunt_arrival_lava_bath, layout_basic, st_stairs_4
D:2:      layout_loops_ring
D:3:      cheibrodos_pilgrimage, layout_basic, uniq_terence
D:4:      layout_cave_pools, first_ration, eino_small_chamber_without_monster,
          uniq_sigmund
D:5:      layout_layer_cave, temple_statues, ebering_ghost_sewer_d

Skill      XL: |  1  2  3  4  5  6  7 |
---------------+----------------------+-----
Conjurations   | 6 7 8 |  8.7
Spellcasting   | 3 4 5 |  5.0
Evocations     | 2 4 |  4.5
Dodging        | 3 |  3.0
Stealth        | |  2.0

Action                   |  1- 3 |  4- 6 |  7- 9 || total
-------------------------+-------+-------+-------++-------
Melee: Dagger            |    10 |     3 |     8 ||    21
       Kick              |     1 |     1 |     1 ||     3
       Peck              |     1 |       |     3 ||     4
 Cast: Magic Dart        |    66 |   130 |    62 ||   258
       Searing Ray       |       |    11 |     4 ||    15
 Abil: Fly               |       |     1 |       ||     1
Evoke: Wand              |       |       |     3 ||     3
  Use: Scroll            |     1 |     9 |     1 ||    11
       Potion            |       |       |     1 ||     1
  Eat: Chunk             |     2 |     9 |     4 ||    15
Armor: Robe              |     2 |     1 |     1 ||     4
       Ring mail         |       |       |     5 ||     5
Dodge: Dodged            |    17 |    36 |    23 ||    76
